 Dungeon Crawl Stone Soup version 0.20.0-10-g0535bb4 (webtiles) character file.

4647 Hook the Grappler (level 10, -11/94 HPs)
             Began as a Troll Transmuter on June 6, 2017.
             Was a Priest of Qazlal.
             Mangled by an orc warrior
             ... wielding a +0 halberd
              (14 damage)
             ... in a bailey.
             The game lasted 00:25:14 (6378 turns).

Hook the Grappler (Troll Transmuter)                Turns: 6378, Time: 00:25:15

Health: -11/94     AC:  6    Str: 20    XL:     10   Next: 20%
Magic:  0/15       EV: 11    Int: 12    God:    Qazlal [***...]
Gold:   326        SH:  4    Dex: 10    Spells: 14/17 levels left

rFire    . . .     SeeInvis .     - Unarmed
rCold    . . .     Gourm    +   (no shield)
rNeg     . . .     Faith    .   b - +0 robe
rPois    .         Spirit   +   (helmet restricted)
rElec    .         Reflect  .   o - +0 cloak
rCorr    .         Harm     .   (gloves unavailable)
MR       .....                  (boots unavailable)
Stlth    +.........             A - amulet of guardian spirit
Regen    0.7/turn               (no ring)
MPRegen  0.2/turn               (no ring)

@: appendage
A: unfitting armour, claws 3, talons 3, fast metabolism 3, gourmand,
regeneration 1, shaggy fur 1, tough skin 2
a: End Transformation, Upheaval, Elemental Force, Renounce Religion


You were in a bailey.
You worshipped Qazlal.
Qazlal was most pleased with you.
You were full.
You had grown temporary talons.
You visited 2 branches of the dungeon, and saw 9 of its levels.
You also visited: Bailey.

You collected 326 gold pieces.

Inventory:

Missiles
 a - 116 arrows
 H - 4 tomahawks (quivered)
 N - a javelin
Armour
 b - a +0 robe (worn)
 o - a +0 cloak (worn)
Jewellery
 y - the ring "Tetramoi" {Fire rElec Int-3 Dex+6}
   (You found it on level 4 of the Dungeon)

   [ring of fire]

   It enhances your fire magic.
   It affects your intelligence (-3).
   It affects your dexterity (+6).
   It protects you from fire.
   It makes you vulnerable to cold.
   It insulates you from electricity.
 A - an amulet of guardian spirit (around neck)
Wands
 e - a wand of random effects (20/48)
 f - a wand of iceblast (10/15)
 u - a wand of random effects (28/48)
 v - a wand of scattershot (5/9)
 F - a wand of confusion (8/48)
 G - a wand of paralysis (6/24)
 J - a wand of polymorph (17/24)
 K - a wand of digging (9/24)
 O - a wand of acid (11/15)
 Q - a wand of enslavement (3/24)
Scrolls
 i - 16 scrolls of remove curse
 l - 2 scrolls of enchant armour {unknown}
 m - a scroll of noise {unknown}
 n - a scroll of blinking {unknown}
 p - a scroll of enchant weapon
 q - a scroll of amnesia
 r - 4 scrolls of teleportation
 s - 2 scrolls of identify
 w - a scroll of fear {unknown}
 D - a scroll of random uselessness {unknown}
 E - 3 scrolls of recharging {unknown}
 P - a scroll of vulnerability {unknown}
 R - a scroll of fog {unknown}
Potions
 h - a potion of curing
 k - 2 potions of magic
 t - 4 potions of brilliance {unknown}
 z - a potion of lignification {unknown}
 B - a potion of heal wounds {unknown}
 C - a potion of resistance {unknown}
 L - a potion of degeneration {unknown}
 M - a potion of mutation {unknown}
 S - a potion of agility {unknown}
Books
 c - a book of Changes

   Spells                             Type                      Level
   a - Beastly Appendage              Transmutation                1
   b - Sticks to Snakes               Transmutation                2
   c - Spider Form                    Transmutation/Poison         3
   d - Ice Form                       Ice/Transmutation            4
   e - Blade Hands                    Transmutation                5
 I - the Papyrus of Ignition and Combat Magic
   (You found it on level 7 of the Dungeon)

   Spells                             Type                      Level
   a - Static Discharge               Conjuration/Air              3
   b - Stone Arrow                    Conjuration/Earth            3
   c - Inner Flame                    Hexes/Fire                   3
   d - Venom Bolt                     Conjuration/Poison           5
Comestibles
 d - 11 bread rations
 g - 5 meat rations
 j - 2 fruits
 x - 3 royal jellies


   Skills:
 * Level 4.4 Fighting
 + Level 0.8 Throwing
 + Level 3.4 Dodging
 + Level 0.6 Stealth
 * Level 10.4 Unarmed Combat
 * Level 4.3 Spellcasting
 * Level 4.6 Transmutations


You had 14 spell levels left.
You knew the following spells:

 Your Spells              Type           Power        Failure   Level  Hunger
a - Beastly Appendage     Tmut           ##....       3%          1    None
b - Sticks to Snakes      Tmut           ##......     4%          2    ##.....


Dungeon Overview and Level Annotations

Branches:
Dungeon (8/15)             Temple (1/1) D:7
   Lair: D:8-11

Altars:
Ashenzari
Elyvilon
Fedhas
Gozag
Hepliaklqana
Makhleb
Nemelex Xobeh
Okawaru
Qazlal
Ru
Vehumet
Xom
Yredelemnul
Zin
The Shining One

Shops:
D:4 [((   D:6 !(%

Annotations:
D:3 DogShitOnMyToe's ghost, amateur DEFE


Innate Abilities, Weirdness & Mutations

You are too large for most types of armour.
You have claws for hands.
Your metabolism is lightning-fast.
You like to eat raw meat.
Your natural rate of healing is unusually fast.
You are covered in fur. (AC +1)
You have very tough skin. (AC +2)
You have claws for feet.


Message History

The orc warrior hits you but does no damage.
You start resting.
The orc warrior hits you from afar with a glaive!!
* * * LOW HITPOINT WARNING * * *
You open the door. 2 orc warriors come into view.
The orc warrior shouts! x2
The orc warrior barely misses you.
The orc warrior moves out of view.
Found 324 gold pieces.
An orc warrior comes into view. It is wielding a halberd.
The orc warrior shouts!
Found a lamp of fire and 21 arrows.
There is an open door here.
Casting: Beastly Appendage
Confirm with . or Enter, or press ? or * to list all spells.
Your feet morph into talons.
The orc warrior closely misses you.
The orc warrior hits you from afar with a halberd!
* * * LOW HITPOINT WARNING * * *
The orc warrior hits you from afar with a halberd!
You die...

## ###
##.###########∩##
#(..##.....##.∩.# .
#..o#..≈≈≈..#.(.#..≈
#}o.#.≈≈o≈≈.......≈≈
#..@'.≈ooo≈.......≈o
#...#.≈≈o≈≈.......≈≈
#$.o#..≈≈≈..#...#..≈
#...##.....##...##..
##.###########∩## ##
## ###


You could see 6 orc warriors and 2 orcs.

Vanquished Creatures
  Pikel (D:6)
  Joseph (D:8)
  A hippogriff (D:7)
  A water moccasin (D:3)
  3 ice beasts
  2 orc warriors
  A sky beast (D:5)
  A phantom (D:8)
  A black bear (D:8)
  4 ogres
  2 centaurs
  2 big kobolds (D:8)
  5 bullfrogs
  3 scorpions
  A wyvern skeleton (D:7)
  6 killer bees
  4 wights
  4 crimson imps
  3 jellies
  A bullfrog zombie (D:6)
  8 hounds
  2 orc priests
  3 bullfrog skeletons
  A centaur skeleton (D:7)
  2 iguanas (D:4)
  Crazy Yiuf (D:2)
  Ijyb (D:4)
  Natasha (twice) (D:2)
  5 orc wizards
  8 worker ants
  2 hound skeletons (D:4)
  A hound zombie (D:6)
  A howler monkey zombie (D:5)
  2 adders
  6 gnolls
  3 shadow imps
  An ooze (D:3)
  An adder zombie (D:5)
  3 worms
  6 dart slugs
  7 leopard geckos
  21 orcs
  7 bats
  8 giant cockroaches
  A goblin (D:1)
  9 hobgoblins
  11 jackals
  15 kobolds
  2 quokkas
  A ball python (D:1)
  A ball python zombie (D:5)
  5 frilled lizards
  A jackal skeleton (D:4)
  A leopard gecko skeleton (D:8)
  A quokka skeleton (D:7)
  9 rats
206 creatures vanquished.

Vanquished Creatures (collateral kills)
  Natasha (D:2)
  A jackal (D:1)
2 creatures vanquished.

Vanquished Creatures (others)
  4 slaves (D:6)
  A shadow imp (D:6)
  An orc (D:6)
6 creatures vanquished.

Grand Total: 214 creatures vanquished

Notes
Turn   | Place    | Note
-------+----------+-------------------------------------------
     0 | D:1      | Hook the Troll Transmuter began the quest for the Orb.
     0 | D:1      | Reached XP level 1. HP: 18/18 MP: 1/1
    82 | D:1      | Reached XP level 2. HP: 26/26 MP: 3/3
   330 | D:1      | Reached skill level 1 in Fighting
   339 | D:1      | Reached XP level 3. HP: 15/33 MP: 1/4
   346 | D:1      | Learned a level 2 spell: Sticks to Snakes
   474 | D:1      | Reached skill level 4 in Unarmed Combat
   865 | D:2      | Noticed Natasha
   870 | D:2      | Killed Natasha
   870 | D:2      | Reached XP level 4. HP: 33/41 MP: 0/5
  1074 | D:2      | Noticed Natasha
  1079 | D:2      | Killed Natasha
  1121 | D:2      | Noticed Natasha
  1126 | D:2      | Killed Natasha
  1491 | D:2      | Found a runed door.
  1717 | D:2      | Noticed Crazy Yiuf
  1720 | D:2      | Killed Crazy Yiuf
  1720 | D:2      | Reached XP level 5. HP: 48/48 MP: 1/6
  1827 | D:3      | Noticed DogShitOnMyToe's ghost (amateur DEFE)
  2023 | D:3      | Noticed a water moccasin
  2047 | D:3      | Killed a water moccasin
  2047 | D:3      | Reached skill level 5 in Unarmed Combat
  2047 | D:3      | Reached XP level 6. HP: 35/55 MP: 3/8
  2284 | D:3      | Found a sacrificial altar of Ru.
  2284 | D:3      | Found a burning altar of Makhleb.
  2292 | D:3      | Found a glowing golden altar of the Shining One.
  2296 | D:3      | Found a shimmering altar of Xom.
  2297 | D:3      | Found an iron altar of Okawaru.
  2514 | D:3      | Found an opulent altar of Gozag.
  2718 | D:4      | Noticed Ijyb
  2733 | D:4      | Killed Ijyb
  2875 | D:4      | Found Sitoutta's Antique Armour Shop.
  2875 | D:4      | Found a stormy altar of Qazlal.
  2893 | D:4      | Found a blossoming altar of Fedhas.
  2903 | D:4      | Became a worshipper of Qazlal Stormbringer
  2908 | D:4      | Got a scintillating jade ring
  2909 | D:4      | Identified the ring "Tetramoi" {Fire rElec Int-3 Dex+6} (You found it on level 4 of the Dungeon)
  2941 | D:4      | Reached XP level 7. HP: 65/65 MP: 9/9
  2948 | D:4      | Found Syelow's Weapon Shoppe.
  3019 | D:4      | Found Naymakh's Antique Weapon Shoppe.
  3051 | D:4      | Found a sparkling altar of Nemelex Xobeh.
  3127 | D:4      | Found a shattered altar of Ashenzari.
  3245 | D:5      | Entered Level 5 of the Dungeon
  3313 | D:5      | Reached skill level 6 in Unarmed Combat
  3550 | D:5      | Found a basalt altar of Yredelemnul.
  3703 | D:5      | Reached * piety under Qazlal
  3774 | D:5      | Reached skill level 7 in Unarmed Combat
  3774 | D:5      | Reached XP level 8. HP: 61/74 MP: 7/11
  3889 | D:6      | Noticed Pikel
  3897 | D:6      | Killed Pikel
  3905 | D:6      | Reached skill level 8 in Unarmed Combat
  4136 | D:6      | Reached XP level 9. HP: 56/83 MP: 7/12
  4211 | D:6      | Found Anai's Weapon Shoppe.
  4261 | D:6      | Reached ** piety under Qazlal
  4300 | D:6      | Found Goynam's Food Shoppe.
  4472 | D:6      | Found Visud's Distillery.
  4490 | D:6      | Reached skill level 9 in Unarmed Combat
  4750 | D:7      | Identified the Papyrus of Ignition and Combat Magic
  4780 | D:7      | Found a radiant altar of Vehumet.
  5354 | D:7      | Found a staircase to the Ecumenical Temple.
  5372 | D:7      | Reached skill level 10 in Unarmed Combat
  5602 | Temple   | Entered the Ecumenical Temple
  5628 | D:8      | Noticed Joseph
  5641 | D:8      | Killed Joseph
  5641 | D:8      | Reached *** piety under Qazlal
  5641 | D:8      | Reached XP level 10. HP: 83/92 MP: 8/15
  5844 | D:8      | Found a glowing silver altar of Zin.
  6337 | D:8      | Found a flagged portal.
  6358 | Bailey   | Entered a bailey
  6377 | Bailey   | HP: 2/94 [orc warrior/halberd (12)]
  6378 | Bailey   | Mangled by an orc warrior

Skill      XL: |  1  2  3  4  5  6  7  8  9 |
---------------+----------------------------+-----
Fighting       | 1 2 3 4 |  4.4
Unarmed Combat | 4 5 7 8 10 | 10.4
Spellcasting   | 2 3 4 |  4.3
Transmutations | 2 3 4 |  4.6
Dodging        | 2 3 |  3.4
Throwing       | |  0.8
Stealth        | |  0.6

Action                   |  1- 3 |  4- 6 |  7- 9 | 10-12 || total
-------------------------+-------+-------+-------+-------++-------
Melee: Unarmed           |    86 |   144 |   296 |    69 ||   595
       Kick              |     2 |     5 |    19 |     7 ||    33
       Headbutt          |       |     8 |    18 |     1 ||    27
       Punch             |       |     2 |    11 |     2 ||    15
Throw: Stone             |     2 |     1 |     2 |       ||     5
       Javelin           |       |       |     7 |     1 ||     8
       Tomahawk          |       |       |     2 |     1 ||     3
 Cast: Beastly Appendage |     5 |    12 |    35 |     9 ||    61
       Sticks to Snakes  |     3 |     5 |    14 |     2 ||    24
  Use: Scroll            |     5 |     2 |     3 |       ||    10
       Potion            |       |       |     2 |       ||     2
 Stab: Sleeping          |       |     1 |       |       ||     1
  Eat: Chunk             |    13 |    21 |    25 |     5 ||    64
Armor: Robe              |    38 |    56 |    82 |    22 ||   198
Dodge: Dodged            |    49 |    95 |   142 |    32 ||   318
Block: Other             |       |       |    14 |    13 ||    27
